 Dungeon Crawl Stone Soup version 0.18-a0-23-g19353e1 (webtiles) character file.

86 yokelz the Chopper (level 4, 0/39 HPs)
             Began as a Minotaur Berserker on Nov 2, 2015.
             Was a Believer of Trog.
             Slain by a gnoll
             ... wielding a +0 halberd
              (14 damage)
             ... on level 3 of the Dungeon.
             The game lasted 00:01:55 (925 turns).

yokelz the Chopper (Minotaur Berserker)              Turns: 925, Time: 00:01:55

Health: 0/39       AC:  8    Str: 23    XL:     4   Next: 26%
Magic:  3/3        EV:  8    Int:  4    God:    Trog [**....]
Gold:   45         SH:  0    Dex:  9    Spells: 0 memorised, 3 levels left

rFire  . . .     SeeInvis .     a - +0 hand axe
rCold  . . .     Clarity  .     i - +0 chain mail
rNeg   . . .     SustAt   .     (no shield)
rPois  .         Gourm    .     (helmet restricted)
rElec  .         Spirit   .     (no cloak)
rCorr  .         Warding  .     (no gloves)
rMut   .         Stasis   .     (no boots)
MR     .....                    (no amulet)
Stlth  ..........               (no ring)
                                (no ring)

@: not resistant to hostile enchantments, extremely unstealthy
A: retaliatory headbutt, horns 2
a: Berserk, Trog's Hand, Burn Spellbooks, Renounce Religion


You were on level 3 of the Dungeon.
You worshipped Trog.
Trog was pleased with you.
You were not hungry.

You visited 1 branch of the dungeon, and saw 3 of its levels.

You collected 45 gold pieces.

Inventory:

Hand Weapons
 a - a +0 hand axe (weapon)
Armour
 b - a +0 animal skin
 i - a +0 chain mail (worn)
Scrolls
 e - a scroll of fear {unknown}
 h - a scroll of amnesia {unknown}
 j - a scroll of teleportation {unknown}
Potions
 f - a potion of brilliance {unknown}
 g - a potion of invisibility {unknown}
Comestibles
 c - a bread ration
 d - a beef jerky
 k - 3 fruits


   Skills:
 - Level 3.6 Fighting
 + Level 6.2 Axes
 - Level 2.4 Armour
 - Level 2.1 Dodging


You had 3 spell levels left.
You didn't know any spells.

Dungeon Overview and Level Annotations

Branches:
Dungeon (3/15)

Altars:

Annotations:
D:3 Grinder, Robin


Innate Abilities, Weirdness & Mutations

You reflexively headbutt those who attack you in melee.
You have a pair of horns on your head.


Message History

You kill the giant cockroach!
Trog accepts your kill. The gnoll barely misses you.
The quokka closely misses you.
You see here a club.
You hit the quokka.
You kill the quokka!
Trog accepts your kill. The gnoll hits you but does no damage.
The gnoll barely misses you. Robin throws the goblin at you!
The goblin hits you but does no damage.
You hit the gnoll but do no damage. You closely miss the goblin.
The gnoll hits you with a halberd!
Grinder gestures.
Grinder blinks!
The gnoll hits you from afar with a spear!
The goblin barely misses you.
You hit the gnoll.
The gnoll is lightly wounded.
You barely miss the goblin. The gnoll barely misses you.
The gnoll hits you with a halberd!
You die...

...ยง... ....g.. r.....
#### ..... ..# ...# #.#
...# ####.###g..#
#....g@gg.# #
#.##.###### #.##.##.#
### #.......# ##.##
....##.#### ##...## #
#...#####.....##
##...)..........#####
##............<......#
#...###..#.......###.##


You could see Robin, 2 gnolls and a goblin (frenzied).

Vanquished Creatures
  Jessica (D:3)
  2 adders
  2 orcs (D:3)
  2 bats (D:2)
  4 giant cockroaches
  8 hobgoblins
  3 kobolds
  A quokka (D:3)
  2 ball pythons
  2 giant newts (D:2)
  7 goblins (D:3)
  2 rats
36 creatures vanquished.

Notes
Turn   | Place    | Note
--------------------------------------------------------------
     0 | D:1      | yokelz the Minotaur Berserker began the quest for the Orb.
     0 | D:1      | Reached XP level 1. HP: 19/19 MP: 0/0
    89 | D:1      | Reached skill level 4 in Axes
   250 | D:1      | Reached XP level 2. HP: 26/26 MP: 1/1
   464 | D:2      | Reached skill level 5 in Axes
   695 | D:3      | Reached XP level 3. HP: 23/31 MP: 2/2
   833 | D:3      | Reached ** piety under Trog
   845 | D:3      | Noticed Jessica
   857 | D:3      | Killed Jessica
   896 | D:3      | Noticed Robin
   897 | D:3      | Noticed Grinder
   905 | D:3      | Reached XP level 4. HP: 30/39 MP: 3/3
   911 | D:3      | Reached skill level 6 in Axes
   925 | D:3      | Slain by a gnoll

Vault maps used:
D:1:      minmay_arrival_diagonal_passages, grunt_decor_fettered
D:2:      minmay_misc_feat_hallway, minmay_goblin_outpost
D:3:      uniq_terence, uniq_jessica, uniq_grinder, uniq_robin

Action                   |  1- 3 |  4- 6 || total
-------------------------+-------+-------++-------
Melee: Hand axe          |    61 |    18 ||    79
Invok: Berserk           |     1 |       ||     1
  Eat: Chunk             |     1 |       ||     1
